 Dungeon Crawl Stone Soup version 0.29-a0-270-g1586fc07ea (webtiles) character file.

Game seed: 12529962608193033564

5973 siradein the Scholar of Death (level 10, -1/76 HPs)
             Began as a Vampire Necromancer on Mar 7, 2022.
             Was a Follower of Kikubaaqudgha.
             Slain by a six-headed hydra (3 damage)
             ... on level 10 of the Dungeon.
             The game lasted 00:49:04 (8965 turns).

siradein the Scholar of Death (Vampire Necromancer) Turns: 8965, Time: 00:49:06

Health: -1/76      AC: 11    Str:  7    XL:     10   Next: 55%
Magic:  22/28      EV: 15    Int: 22    God:    Kikubaaqudgha [*.....]
Gold:   499        SH:  0    Dex: 15    Spells: 13/21 levels left

rFire   . . .      SeeInvis +   S - +2 scimitar (flame)
rCold   . . .      Faith    .   (no shield)
rNeg    . . .      Spirit   .   R - +0 troll leather armour
rPois   .          Reflect  .   L - +0 helmet
rElec   .          Harm     .   F - +0 cloak
rCorr   .          Rampage  .   (no gloves)
Will    +....                   (no boots)
Stlth   ++........              I - amulet of regeneration
HPRegen 2.02/turn               D - ring of magical power
MPRegen 0.21/turn               l - +4 ring of protection

@: healing quickly
A: alive, fangs 3, see invisible, vampiric 2
a: Exsanguinate, Renounce Religion, Receive Corpses


You were on level 10 of the Dungeon.
You worshipped Kikubaaqudgha.
Kikubaaqudgha was aware of your devotion.
You visited 2 branches of the dungeon, and saw 11 of its levels.
You also visited: Sewer.

You collected 499 gold pieces.

Inventory:

Hand Weapons
 w - a +0 dagger of pain
 y - the +7 staff of the Meek {protect, meekguard}
   (You found it on level 4 of the Dungeon)

   It grants its wielder temporary protection when it strikes (+7 to AC).
   It provides extra protection to wielders with little health.
 S - a +2 scimitar of flaming (weapon)
Missiles
 P - a throwing net
Armour
 a - the +5 ring mail of Summer {-Tele rF- Str+8 Dex+10}
   (You found it on level 2 of the Dungeon)

   Str:       It affects your strength (+8).
   Dex:       It affects your dexterity (+10).
   rF:        It makes you vulnerable to fire.
   -Tele:     It prevents most forms of teleportation.
 F - a +0 cloak (worn)
 G - +0 steam dragon scales
 L - a +0 helmet (worn)
 R - a +0 troll leather armour (worn)
Magical Staves
 g - a staff of death
Jewellery
 e - a ring of protection from cold
 l - a +4 ring of protection (right hand)
 m - a ring of resist corrosion
 p - a ring of protection from fire
 t - a ring of protection from fire
 x - an amulet of faith
 B - a ring of positive energy
 D - a ring of magical power (left hand)
 I - an amulet of regeneration (around neck)
Wands
 d - a wand of iceblast (8)
 s - a wand of acid (11)
 M - a wand of polymorph (11)
Scrolls
 f - 3 scrolls of enchant armour {unknown}
 i - 3 scrolls of blinking
 k - a scroll of brand weapon {unknown}
 n - a scroll of identify
 r - a scroll of fog {unknown}
 C - 3 scrolls of teleportation {unknown}
 H - a scroll of magic mapping {unknown}
 J - a scroll of amnesia {unknown}
 K - 3 scrolls of noise {unknown}
 O - 2 scrolls of immolation {unknown}
 Q - a scroll of vulnerability {unknown}
 T - a scroll of summoning {unknown}
Potions
 b - 2 potions of magic
 c - 4 potions of berserk rage
 h - 3 potions of heal wounds
 j - a potion of haste {unknown}
 o - 3 potions of cancellation
 q - 2 potions of curing
 u - 3 potions of resistance {unknown}
 v - a potion of flight {unknown}
 z - 2 potions of mutation {unknown}
 A - 3 potions of lignification {unknown}
 N - 2 potions of attraction {unknown}
Miscellaneous
 E - a condenser vane


   Skills:
 + Level 5.7 Fighting
 + Level 6.3 Long Blades
 + Level 5.2 Armour
 + Level 7.6 Dodging
 - Level 3.0 Stealth
 + Level 6.3 Spellcasting
 + Level 8.5 Necromancy


You had 13 spell levels left.
You knew the following spells:

 Your Spells              Type           Power      Damage    Failure   Level
a - Pain                  Necr           100%       1d9       1%          1
b - Vampiric Draining     Necr           44%        2d9       1%          3
c - Animate Dead          Necr           22%        N/A       3%          4

Your spell library contained the following spells:

 Spells                   Type           Power      Damage    Failure   Level
 Animate Skeleton         Necr           88%        N/A       1%          1
 Agony                    Necr           44%        N/A       11%         5
 Shock                    Conj/Air       24%        1d4       12%         1
 Summon Small Mammal      Summ           24%        N/A       12%         1
 Poisonous Vapours        Pois/Air       12%        N/A       19%         2
 Call Canine Familiar     Summ           6%         N/A       36%         3
 Summon Guardian Golem    Hex/Summ       6%         N/A       36%         3
 Swiftness                Air            6%         N/A       36%         3
 Airstrike                Air            3%         N/A       77%         4
 Animate Armour           Summ/Erth      12%        N/A       77%         4
 Malign Gateway           Summ/Tloc      3%         N/A       100%        7
 Summon Hydra             Summ           3%         N/A       100%        7


Dungeon Overview and Level Annotations

Branches:
Dungeon (10/15)            Temple (1/1) D:6           Sewer (visited)
   Lair: D:8-11         Orc: D:9-12

Altars:
Ashenzari
Cheibriados
Dithmenos
Elyvilon
Fedhas
Gozag
Hepliaklqana
Kikubaaqudgha
Makhleb
Nemelex Xobeh
Okawaru
Qazlal
Ru
Sif Muna
Trog
Uskayaw
Vehumet
Wu Jian
Xom
Yredelemnul
Zin
The Shining One
Beogh

Shops:
D:3 :   D:5 (   D:10 ?


Innate Abilities, Weirdness & Mutations

Your natural rate of healing is accelerated.
You have razor-sharp teeth.
You have supernaturally acute eyesight. (SInv)
You are afflicted with vampirism and can become a bat while bloodless.


Message History

The seven-headed hydra bites you but does no damage.
The seven-headed hydra bites you! x2
The seven-headed hydra bites you but does no damage.
The seven-headed hydra bites you! x2; The seven-headed hydra bites you.
Unknown command.
You are too injured to fight recklessly!
You are too injured to fight recklessly!
Unknown command.
Unknown command.
You are too injured to fight recklessly!
Unknown command.
You lop one of the seven-headed hydra's heads off!
The flame cauterises the wound!
You slash the six-headed hydra! You burn the six-headed hydra.
Your bite misses the six-headed hydra.
The six-headed hydra is moderately wounded.
The six-headed hydra bites you!
* * * LOW HITPOINT WARNING * * *
The six-headed hydra barely misses you.
The six-headed hydra bites you but does no damage.
The six-headed hydra completely misses you.
The six-headed hydra bites you!
* * * LOW HITPOINT WARNING * * *
The six-headed hydra bites you.
* * * LOW HITPOINT WARNING * * *
Casting: Vampiric Draining (safe; 1% risk of failure)
Confirm with . or Enter, or press ? or * to list all spells.
Aiming: Vampiric Draining (safe; 1% risk of failure)
Press: ? - help, Shift-Dir - straight line, f/p - six-headed hydra
Aim: a six-headed hydra (moderately wounded)
You draw life force from the six-headed hydra.
You feel life coursing into your body. The six-headed hydra bites you.
* * * LOW HITPOINT WARNING * * *
The six-headed hydra barely misses you. The six-headed hydra bites you.
* * * LOW HITPOINT WARNING * * *
The six-headed hydra closely misses you.
The six-headed hydra bites you!
* * * LOW HITPOINT WARNING * * *
The six-headed hydra bites you.
You die...
Kikubaaqudgha rasps: "You have failed me!
Welcome... death!"

. #....#####.............
.#########....# #.............
..............# #.............
#.............# #D............
#......8......# #.............
#.............# #.....######..
#....<[∩.>....# #.....#....#
#......(......#####.....'....#
.......8........@D.....##....#
..#########...######...#.....#
. #...# #...#....## #...#
#...#....# #...# #...#....#
#...# #...#....# #...#
#...#....# #...# #...######
#...# #....


You could see a six-headed hydra.

Vanquished Creatures
  Erica (D:8)
  4 trolls
  A hornet (D:9)
  A meliai (shapeshifter) (D:9)
  A steam dragon (D:6)
  4 yaks (D:8)
  3 water moccasins
  An orc warrior (D:8)
  2 ice beasts
  3 black bears
  2 ogres
  A centaur (D:8)
  2 phantoms
  4 scorpions
  6 bullfrogs
  A necrophage (D:5)
  5 wights (D:8)
  3 killer bees (D:9)
  5 hounds
  5 orc priests
  2 gnoll shamans
  Jessica (D:3)
  2 iguanas
  9 orc wizards
  12 gnolls
  15 adders
  A shadow imp (D:7)
  3 worms
  A dart slug (D:3)
  37 orcs
  12 ball pythons
  7 bats
  8 endoplasms
  8 giant cockroaches
  9 goblins
  4 hobgoblins
  4 jackals (D:3)
  5 quokkas
  11 frilled lizards
  6 kobolds
  8 rats
220 creatures vanquished.

Vanquished Creatures (others)
  49 fungi (D:9)
  56 plants (D:9)
105 creatures vanquished.

Grand Total: 325 creatures vanquished

Notes
Turn   | Place    | Note
-------+----------+-------------------------------------------
     0 | D:1      | siradein the Vampire Necromancer began the quest for the
                  | Orb.
     0 | D:1      | Reached XP level 1. HP: 13/13 MP: 3/3
    13 | D:1      | Found a faded altar of an unknown god.
   248 | D:1      | Reached XP level 2. HP: 10/19 MP: 1/5
   932 | D:2      | Gained mutation: You are afflicted with vampirism and can
                  | become a bat while bloodless. [Vampire growth]
   932 | D:2      | Reached XP level 3. HP: 23/24 MP: 4/6
   939 | D:2      | Learned a level 3 spell: Vampiric Draining
  1433 | D:2      | Identified the +5 ring mail of Summer {-Tele rF- Str+8
                  | Dex+10}
  2306 | D:3      | Noticed Jessica
  2313 | D:3      | Killed Jessica
  2314 | D:3      | Reached skill level 1 in Long Blades
  2314 | D:3      | Reached skill level 5 in Necromancy
  2314 | D:3      | Reached XP level 4. HP: 31/31 MP: 1/8
  2476 | D:3      | Reached skill level 1 in Fighting
  2521 | D:3      | Found Hiuzxewk's Book Boutique.
  2646 | D:3      | Reached skill level 1 in Armour
  2801 | D:3      | Reached XP level 5. HP: 35/37 MP: 5/9
  2857 | D:3      | Learned a level 4 spell: Animate Dead
  3484 | D:4      | Noticed an ogre
  3502 | D:4      | Killed an ogre
  3503 | D:4      | Reached XP level 6. HP: 34/43 MP: 0/10
  3853 | D:4      | Found the +7 staff of the Meek {protect, meekguard}
  4092 | D:4      | Reached XP level 7. HP: 50/50 MP: 12/12
  4095 | D:4      | Found a blossoming altar of Fedhas.
  4227 | D:5      | Entered Level 5 of the Dungeon
  4292 | D:5      | Found Ughuar's Antique Weapon Boutique.
  4318 | D:5      | Reached skill level 6 in Necromancy
  4402 | D:5      | Found a glowing drain.
  4450 | Sewer    | Entered a sewer
  5014 | D:5      | Reached XP level 8. HP: 58/58 MP: 12/14
  5076 | D:5      | Reached skill level 5 in Dodging
  5531 | D:6      | Found a staircase to the Ecumenical Temple.
  5537 | Temple   | Entered the Ecumenical Temple
  5570 | Temple   | Became a worshipper of Kikubaaqudgha
  5734 | D:6      | Found a faded altar of an unknown god.
  5734 | D:6      | Found a bloodstained altar of Trog.
  5740 | D:6      | Found an opulent altar of Gozag.
  5744 | D:6      | Found a shimmering blue altar of Sif Muna.
  5746 | D:6      | Found a sacrificial altar of Ru.
  6319 | D:7      | Reached skill level 7 in Necromancy
  6319 | D:7      | Reached XP level 9. HP: 65/65 MP: 16/16
  6731 | D:8      | Reached * piety under Kikubaaqudgha
  6731 | D:8      | Received a gift from Kikubaaqudgha
  6740 | D:8      | Reached skill level 5 in Spellcasting
  6744 | D:8      | Identified the +2 robe of Impermeability {Regen+ Stlth+}
  7134 | D:8      | Reached skill level 5 in Long Blades
  7638 | D:9      | Noticed a meliai
  7686 | D:9      | Killed a meliai
  7687 | D:9      | Reached skill level 5 in Fighting
  7770 | D:9      | Noticed a troll
  7806 | D:9      | Killed a troll
  7807 | D:9      | Reached skill level 8 in Necromancy
  7807 | D:9      | Reached XP level 10. HP: 72/74 MP: 12/18
  8038 | D:9      | Noticed Erica
  8191 | D:8      | Killed Erica
  8301 | D:9      | Got the Collected Works on Envenoming and the Entourage
  8521 | D:9      | Reached skill level 5 in Armour
  8698 | D:9      | Noticed a gargoyle
  8779 | D:10     | Entered Level 10 of the Dungeon
  8779 | D:10     | Found Zexoys's Magic Scroll Shoppe.
  8786 | D:10     | Reached ** piety under Kikubaaqudgha
  8941 | D:10     | Noticed an eight-headed hydra
  8965 | D:10     | HP: 2/76 [six-headed hydra (8)]
  8965 | D:10     | Slain by a six-headed hydra

Illustrated notes

Levels and vault maps discovered:
D:1:      dpeg_arrival_simpleton_b, layout_basic, ebering_ecumenical_altar_webs,
          chequers_serial_rivers_large_b
D:2:      layout_basic, minmay_tiny_reverse_x
D:3:      cheibrodos_helix_gallery, layout_basic, serial_shops, shop_fountains,
          uniq_jessica
D:4:      layout_cave_pools, fedhas_altar_3, pf_guarded_unrand_meek
D:5:      layout_layer_cave, portal_sewer_entry_c, serial_shops, shop,
          chequers_serial_rivers_small_b
D:6:      layout_cave_pools, chequers_temple_overflow_minitemple,
          minmay_temple_entry_grid, serial_column_ruins, column_ruins_hut,
          column_ruins_open_tiny, column_ruins_open_small,
          column_ruins_open_small, column_ruins_corridor_straight,
          kennysheep_pointless_box, hangedman_decor_peaks_small
D:7:      layout_rooms
D:8:      layout_loops_ring, old_standard_altar
D:9:      minmay_cornered_nines, layout_loops_ring, due_lair_maze_entry_diamond,
          uniq_erica, uniq_maggie
D:10:     layout_irregular_city, serial_shops, nicolae_stop_n_shop_2
Temple:   lightli_temple_of_artemis

Skill      XL: |  1  2  3  4  5  6  7  8  9 10 |
---------------+-------------------------------+-----
Dodging        | 3 4 5 6 7 |  7.6
Long Blades    | 1 2 3 4 5 6 |  6.3
Necromancy     | 5 6 7 8 |  8.5
Fighting       | 1 2 3 4 5 |  5.7
Armour         | 1 2 3 4 5 |  5.2
Spellcasting   | 3 4 5 6 |  6.3
Stealth        | |  3.0

Action                   |  1- 3 |  4- 6 |  7- 9 | 10-12 || total
-------------------------+-------+-------+-------+-------++-------
Melee: Long sword        |    10 |    32 |       |       ||    42
       Quarterstaff      |       |    25 |   316 |   119 ||   460
       Bite              |       |     7 |    33 |    15 ||    55
       Punch             |       |     1 |       |       ||     1
       Scimitar          |       |       |       |     3 ||     3
 Cast: Pain              |    67 |    64 |       |       ||   131
       Vampiric Draining |       |     4 |    14 |    30 ||    48
       Animate Dead      |       |       |     2 |     2 ||     4
  Use: Scroll            |       |       |     3 |       ||     3
       Potion            |       |       |       |     3 ||     3
 Stab: Sleeping          |       |     2 |     8 |       ||    10
Armor: Robe              |     2 |       |       |       ||     2
       Ring mail         |     7 |    36 |   188 |     8 ||   239
       Leather armour    |     3 |       |       |       ||     3
       Troll leather arm |       |       |       |    86 ||    86
Dodge: Dodged            |    22 |    54 |   294 |   177 ||   547

Table legend: (Time is in decaauts)
 A = Elapsed time spent in this place.
 B = Non-inter-level travel time spent in this place.
 C = Inter-level travel time spent in this place.
 D = Time resting spent in this place.
 E = Time spent auto-exploring this place.
 F = Levels seen in this place.
 G = Mean time per level.
                   A        B        C        D        E       F      G
               +--------+--------+--------+--------+--------+-----+--------+
         Total |   9282 |   9091 |    191 |    476 |   6092 |  12 |  773.5 |
       Dungeon |   8498 |   8307 |    191 |    476 |   5690 |  10 |  849.8 |
        Temple |    127 |    127 |      0 |      0 |     81 |   1 |  127.0 |
         Sewer |    655 |    655 |      0 |      0 |    321 |   1 |  655.0 |
               +--------+--------+--------+--------+--------+-----+--------+

Top non-repeatable levels by time:
     D:8: 1363 daAuts
     D:3: 1338 daAuts
     D:2: 1320 daAuts
     D:1: 895 daAuts
     D:9: 875 daAuts
     D:4: 723 daAuts
     D:5: 667 daAuts
   Sewer: 655 daAuts
     D:6: 625 daAuts
     D:7: 504 daAuts
    D:10: 185 daAuts
  Temple: 127 daAuts
